AoeStats
← AiM | Facu1414

African Clearing

505137056Analyzed
3v3 RM · 25d ago on Sep 8, 2026· 50m 0s· 6 players
Game mode
Random Map
Map size
Normal (6 player)
Population
200
Speed
Normal
Resources
Standard
Victory
Conquest
Starting age
Dark Age
Ending age
Imperial Age
RankedLock teamsTeams togetherTeam positionsShared explorationLock speedFull tech treeHidden civsTurbo modeCheats
Victory
Defeat
🇨🇴 Burgundians · Colombia
1399
+16
🇨🇴 Koreans · Colombia
1376
+17
🇩🇪 Japanese · Germany
1349
+18
🇦🇷 Hindustanis · Argentina
1534
-22
🇨🇱 Chinese · Chile
1507
-21
🇨🇱 Vietnamese · Chile
1144
-8
SrAnderson
8:59 Loom
11:37 Feudal Age
12:59 Double-Bit Axe
18:41 Wheelbarrow
19:47 Town Watch
19:57 Gold Mining
19:58 Stone Mining
23:20 Castle Age
22:03 Fletching
22:02 Horse Collar
24:19 Hand Cart
24:17 Bow Saw
24:12 Heavy Plow
24:12 Bodkin Arrow
25:11 Gold Shaft Mining
25:18 Stone Shaft Mining
29:03 Town Patrol
35:20 Ballistics
35:47 Treadmill Crane
36:19 Masonry
41:04 Imperial Age
41:21 Elite War Wagon
43:04 Chemistry
42:35 Architecture
42:09 Bracer
43:14 Conscription
43:34 Murder Holes
43:27 Arrowslits
47:43 Siege Engineers
Lambadaschnitte
3:27 Loom
13:45 Feudal Age
17:55 Castle Age
16:47 Double-Bit Axe
17:19 Town Watch
19:13 Bow Saw
19:45 Horse Collar
20:16 Fletching
20:26 Padded Archer Armor
31:32 Wheelbarrow
30:53 Gold Mining
32:47 Gold Shaft Mining
36:43 Imperial Age
35:40 Stone Mining
36:12 Ballistics
35:49 Bodkin Arrow
36:09 Leather Archer Armor
36:47 Heavy Cavalry Archer
37:54 Parthian Tactics
37:35 Thumb Ring
38:08 Bracer
38:39 Ring Archer Armor
37:51 Treadmill Crane
39:46 Chemistry
39:33 Yasama
40:10 Scale Mail Armor
40:27 Masonry
40:44 Forging
41:07 Conscription
41:33 Chain Mail Armor
40:40 Man-at-Arms
41:05 Gambesons
41:20 Squires
41:05 Arson
41:17 Guard Tower
43:32 Hoardings
42:19 Long Swordsman
43:43 Two-Handed Swordsman
44:54 Plate Mail Armor
45:00 Iron Casting
45:43 Siege Engineers
45:04 Onager
45:52 Champion
46:59 Fervor
47:06 Block Printing
47:17 Illumination
47:28 Theocracy
48:09 Blast Furnace
49:33 Two-Man Saw
48:04 Onager
[MLTS] RKotzen
6:10 Loom
6:17 Double-Bit Axe
14:52 Feudal Age
16:20 Bow Saw
18:41 Castle Age
17:54 Horse Collar
20:35 Two-Man Saw
19:27 Gold Mining
20:34 Heavy Plow
22:27 Wheelbarrow
25:09 Hand Cart
28:27 Scale Barding Armor
30:32 Gold Shaft Mining
30:27 Crop Rotation
30:40 Chain Barding Armor
30:23 Town Watch
31:39 Fervor
35:37 Imperial Age
34:21 Fletching
34:54 Padded Archer Armor
35:21 Burgundian Vineyards
35:21 Stone Mining
35:08 Elite Skirmisher
35:45 Bodkin Arrow
36:45 Stone Shaft Mining
36:30 Leather Archer Armor
36:37 Ballistics
35:58 Treadmill Crane
37:08 Bracer
38:10 Chemistry
38:08 Plate Barding Armor
38:30 Conscription
38:21 Forging
39:15 Elite Coustillier
42:00 Iron Casting
45:24 Blast Furnace
47:38 Squires
47:39 Scale Mail Armor
49:28 Chain Mail Armor
AiM | Facu1414
10:09 Loom
12:41 Feudal Age
16:25 Castle Age
15:44 Scale Barding Armor
15:36 Double-Bit Axe
17:43 Bloodlines
22:59 Horse Collar
25:16 Wheelbarrow
24:27 Town Watch
24:51 Heavy Plow
26:04 Chain Barding Armor
26:14 Husbandry
28:11 Forging
30:18 Hand Cart
30:59 Iron Casting
32:11 Grand Trunk Road
33:10 Town Patrol
37:06 Imperial Age
34:56 Gold Mining
37:14 Heavy Camel Rider
38:30 Plate Barding Armor
38:55 Blast Furnace
38:18 Conscription
38:52 Imperial Camel Rider
42:04 Blast Furnace
46:35 Chemistry
47:07 Siege Engineers
49:08 Masonry
AiM | Tío Oplack
11:22 Loom
13:46 Feudal Age
17:45 Double-Bit Axe
24:14 Fletching
24:26 Padded Archer Armor
43:36 Castle Age
43:13 Horse Collar
44:47 Bodkin Arrow
46:06 Leather Archer Armor
AiM | Shuffle
2:57 Loom
12:34 Feudal Age
17:33 Castle Age
16:19 Fishing Lines
16:42 Double-Bit Axe
18:36 Bow Saw
19:32 Fishing Lines
24:12 Horse Collar
27:19 Wheelbarrow
26:57 Gillnets
28:14 Gold Mining
30:47 Gold Shaft Mining
33:10 Imperial Age
30:37 Town Watch
30:56 Heavy Plow
31:09 Fletching
31:47 Bodkin Arrow
32:42 Hand Cart
33:39 Padded Archer Armor
34:16 Ballistics
34:05 Bracer
34:37 Hand Cart
35:33 Chemistry
35:06 Leather Archer Armor
35:07 Scale Mail Armor
35:18 Forging
35:40 Squires
35:01 Elite Fire Lancer
36:34 Ring Archer Armor
37:29 Chain Mail Armor
38:19 Iron Casting
39:03 Plate Mail Armor
38:14 Heavy Scorpion
39:46 Ring Archer Armor
40:05 Rocketry
41:50 Masonry
43:32 Capped Ram
45:48 Two-Man Saw
45:15 Pikeman
47:56 Halberdier
49:41 Blast Furnace
Connection lost

Rejoining the realm…

Still unreachable

The connection could not be restored.

Session expired

The server has moved on; the page needs a fresh start.